 Dungeon Crawl Stone Soup version 0.19-a0-1732-g0b18a7b (webtiles) character file.

518 Ijustatesigmund the Magician (level 7, -2/35 HPs)
             Began as a Spriggan Wizard on Sept 30, 2016.
             Slain by a river rat (4 damage)
             ... in a sewer.
             The game lasted 00:31:01 (6208 turns).

Ijustatesigmund the Magician (Spriggan Wizard)      Turns: 6208, Time: 00:31:02

Health: -2/35      AC:  2    Str:  4    XL:     7   Next: 1%
Magic:  2/17       EV: 19    Int: 20    God:
Gold:   194        SH:  0    Dex: 15    Spells: 5 memorised, 8 levels left

rFire  . . .     SeeInvis +     e - +2 short sword (flame)
rCold  . . .     Gourm    .     a - +0 robe
rNeg   . . .     Faith    .     (shield restricted)
rPois  .         Spirit   .     b - +0 hat
rElec  .         Dismiss  .     (no cloak)
rCorr  .         Reflect  .     (gloves unavailable)
MR     +....     Harm     .     (boots unavailable)
Stlth  ++++......               (no amulet)
                                (no ring)
                                (no ring)

@: repel missiles, very quick
A: unfitting armour, see invisible, herbivore 3, speed 3, slow metabolism 2
a: no special abilities


You were in a sewer.
You were not hungry.

You visited 1 branch of the dungeon, and saw 4 of its levels.
You also visited: Sewer.

You collected 194 gold pieces.

Inventory:

Hand Weapons
 e - a +2 short sword of flaming (weapon)
 l - a +1 dagger of protection
Missiles
 h - 2 curare-tipped needles
 i - an exploding tomahawk (quivered)
 m - 7 tomahawks
 u - 2 poisoned tomahawks
Armour
 a - a +0 robe (worn)
 b - a +0 hat (worn)
Jewellery
 f - an uncursed amulet of dismissal
Wands
 r - a wand of iceblast (3/15)
 w - a wand of teleportation (4/9)
Scrolls
 g - a scroll of remove curse
 p - a scroll of identify
 q - a scroll of amnesia
 v - a scroll of enchant weapon {unknown}
Potions
 j - a potion of brilliance
 k - a potion of mutation
Books
 c - a book of Minor Magic

   Spells                             Type                      Level
   a - Magic Dart                     Conjuration                  1
   b - Blink                          Translocation                2
   c - Call Imp                       Summoning                    2
   d - Repel Missiles                 Charms/Air                   2
   e - Slow                           Hexes                        2
   f - Conjure Flame                  Conjuration/Fire             3
   g - Mephitic Cloud                 Conjuration/Poison/Air       3
Comestibles
 d - 4 bread rations
 n - a royal jelly
 o - a slice of pizza


   Skills:
 - Level 2.8 Fighting
 - Level 3.5 Short Blades
 + Level 3.8 Dodging
 - Level 6.0 Stealth
 - Level 6.0 Spellcasting
 - Level 0.6 Conjurations
 - Level 0.7 Summonings
 - Level 1.5 Translocations


You had 8 spell levels left.
You knew the following spells:

 Your Spells              Type           Power        Failure   Level  Hunger
a - Magic Dart            Conj           #...         10%         1    None
b - Blink                 Tloc           N/A          10%         2    None
c - Repel Missiles        Chrm/Air       #.....       17%         2    None
d - Call Imp              Summ           #.......     14%         2    None
e - Mephitic Cloud        Conj/Pois/Air  #.......     30%         3    ##.....


Dungeon Overview and Level Annotations

Branches:
Dungeon (4/15)
 Temple: D:4-7

Altars:
Hepliaklqana
Qazlal

Shops:
D:4 =

Annotations:
Sewer Duffy's ghost, weakling MiFi


Innate Abilities, Weirdness & Mutations

You are very small and have problems with some larger weapons.
You are too small for most types of armour.
You have supernaturally acute eyesight. (SInv)
You are a herbivore.
You cover ground extremely quickly.
You need consume almost no food.


Message History

The adder bites you.
* * * LOW HITPOINT WARNING * * *
The adder closely misses you. The adder misses you.
You barely miss the adder.
The adder is lightly wounded.
The adder bites you.
* * * LOW HITPOINT WARNING * * *
The adder barely misses you. The river rat closely misses you.
You hit the adder. You burn the adder.
The adder is almost dead.
The adder closely misses you. The adder misses you. The adder bites you.
* * * LOW HITPOINT WARNING * * *
The adder completely misses you. The river rat misses you.
The adder misses you. The adder closely misses you. x2
You hit the adder. You burn the adder.
You kill the adder!
You have reached level 7!
The adder bites you but does no damage. The adder completely misses you.
The adder misses you. The river rat bites you.
You die...

#############
###.≈≈≈≈≈≈≈≈≈≈≈
##....≈≈≈≈≈≈≈≈≈≈
##....≈≈≈≈≈≈≈≈≈≈≈
#r.....≈≈≈≈≈≈≈≈≈≈
##rr...≈≈≈≈≈≈≈≈≈≈≈
#SSrrW.≈≈≈≈≈≈≈≈≈≈≈
#@Srrr############
#.r..## #.....#
#....## #....#
#..... ##....#
#.....


You could see Duffy's ghost, 3 adders, 4 river rats and 5 rats.

Vanquished Creatures
  The ghost of confidenceinterval the Sneak, an amateur SpEn (D:3)
  2 orc priests (D:3)
  A bullfrog skeleton (D:4)
  An iguana (D:4)
  A worker ant (D:4)
  Natasha (D:4)
  12 adders
  A river rat (Sewer)
  A shadow imp (D:1)
  An ooze (D:2)
  3 worms
  3 dart slugs
  5 leopard geckos
  16 orcs
  7 bats
  8 giant cockroaches
  2 goblins
  10 hobgoblins
  4 jackals (D:3)
  4 quokkas
  4 ball pythons
  9 frilled lizards
  15 kobolds
  26 rats
138 creatures vanquished.

Vanquished Creatures (collateral kills)
  2 adders (D:3)
  2 orcs (D:3)
4 creatures vanquished.

Grand Total: 142 creatures vanquished

Notes
Turn   | Place    | Note
-------+----------+-------------------------------------------
     0 | D:1      | Ijustatesigmund the Spriggan Wizard began the quest for the Orb.
     0 | D:1      | Reached XP level 1. HP: 9/9 MP: 6/6
   351 | D:1      | Reached XP level 2. HP: 13/13 MP: 1/8
   537 | D:1      | Learned a level 2 spell: Blink
   540 | D:1      | Learned a level 2 spell: Repel Missiles
   577 | D:1      | Learned a level 2 spell: Call Imp
   727 | D:1      | Reached skill level 5 in Spellcasting
   936 | D:1      | Reached XP level 3. HP: 16/16 MP: 4/10
  1973 | D:2      | Learned a level 3 spell: Mephitic Cloud
  2022 | D:2      | Found a stormy altar of Qazlal.
  2273 | D:2      | Reached XP level 4. HP: 21/21 MP: 9/13
  2351 | D:2      | Reached skill level 1 in Short Blades
  2815 | D:3      | Reached XP level 5. HP: 12/24 MP: 11/14
  3081 | D:3      | Noticed confidenceinterval's ghost (amateur SpEn)
  3154 | D:3      | Killed confidenceinterval's ghost
  3154 | D:3      | Reached skill level 5 in Stealth
  3551 | D:3      | Reached XP level 6. HP: 14/28 MP: 14/16
  3567 | D:3      | HP: 1/28 [adder (1)]
  4248 | D:3      | Reached skill level 1 in Fighting
  4432 | D:3      | Found a hazy altar of Hepliaklqana.
  5396 | D:4      | Found Salud's Jewellery Shop.
  5619 | D:4      | Noticed Natasha
  5629 | D:4      | Killed Natasha
  5776 | D:4      | Found a glowing drain.
  5799 | Sewer    | Entered a sewer
  6109 | Sewer    | Noticed Duffy's ghost (weakling MiFi)
  6207 | Sewer    | HP: 1/32 [adder (1)]
  6208 | Sewer    | Reached XP level 7. HP: 2/35 MP: 1/17
  6208 | Sewer    | Slain by a river rat

Vault maps used:
D:1:      erik_arrival_cave_to_civilisation, minmay_misc_feat_four_crosses,
          minmay_lizard_pond
D:2:      lemuel_coloured_pillars_altar
D:3:      marbit_many_paths, serial_bayou_pond_b, minmay_rat_hole
D:4:      serial_shops, shop, portal_sewer_entry_d, uniq_natasha
Sewer:    sewer_minmay_w

Skill      XL: |  1  2  3  4  5  6 |
---------------+-------------------+-----
Spellcasting   | 5 6 |  6.0
Short Blades   | 2 3 |  3.5
Stealth        | 4 5 6 |  6.0
Fighting       | 2 |  2.8
Dodging        | |  3.8
Conjurations   | |  0.6
Summonings     | |  0.7
Translocations | |  1.5

Action                   |  1- 3 |  4- 6 |  7- 9 || total
-------------------------+-------+-------+-------++-------
Melee: Short sword       |    23 |   155 |       ||   178
Throw: Tomahawk          |       |     1 |       ||     1
 Cast: Magic Dart        |   125 |   217 |       ||   342
       Repel Missiles    |     1 |     1 |       ||     2
       Call Imp          |       |    11 |       ||    11
       Blink             |       |     8 |       ||     8
Evoke: Wand              |       |     1 |       ||     1
  Use: Scroll            |     4 |     9 |       ||    13
       Potion            |       |     5 |       ||     5
 Stab: Sleeping          |     2 |     9 |       ||    11
  Eat: Bread ration      |       |     1 |       ||     1
Armor: Robe              |     4 |     9 |     1 ||    14
Dodge: Dodged            |    18 |   178 |     2 ||   198
       Deflected         |       |     2 |       ||     2
